 Dungeon Crawl Stone Soup version 0.20-a0-1058-g0491fde (webtiles) character file.

1150 Gorglomux the Cleaver (level 8, -2/67 HPs)
             Began as a Minotaur Fighter on Apr 26, 2017.
             Slain by a centaur (7 damage)
             ... on level 6 of the Dungeon.
             The game lasted 00:04:49 (3482 turns).

Gorglomux the Cleaver (Minotaur Fighter)            Turns: 3482, Time: 00:04:50

Health: -2/67      AC: 10    Str: 21    XL:     8   Next: 15%
Magic:  7/7        EV:  8    Int: 10    God:
Gold:   250        SH: 10    Dex: 12    Spells: 7/7 levels left

rFire    . . .     SeeInvis .   a - +0 war axe
rCold    . . .     Gourm    .   c - +0 shield
rNeg     . . .     Faith    .   b - +0 scale mail
rPois    .         Spirit   .   (helmet restricted)
rElec    .         Reflect  .   (no cloak)
rCorr    .         Harm     .   k - +2 pair of gloves
MR       .....                  (no boots)
Stlth    ..........             (no amulet)
Regen    0.3/turn               n - ring of wizardry {Wiz+, !d}
MPRegen  0.1/turn               (no ring)

@: brilliant, flying, hasted, very quick
A: retaliatory headbutt, horns 2
a: no special abilities


You were on level 6 of the Dungeon.
You were not hungry.

You visited 1 branch of the dungeon, and saw 6 of its levels.

You collected 250 gold pieces.

Inventory:

Hand Weapons
 a - a +0 war axe (weapon)
Armour
 b - a +0 scale mail (worn)
 c - a +0 shield (worn)
 k - a +2 pair of gloves (worn)
   (You found it on level 1 of the Dungeon)
 u - a cursed +0 pair of gloves
   (You found it on level 2 of the Dungeon)
 E - the +2 leather armour of Good Intentions {Dex+2, unknown}
   (You found it on level 5 of the Dungeon)

   It affects your dexterity (+2).
Jewellery
 n - a ring of wizardry (left hand) {Wiz+, !d}
   (You found it on level 1 of the Dungeon)
Wands
 C - a wand of confusion (18/48)
   (You found it on level 4 of the Dungeon)
Scrolls
 e - a scroll of magic mapping {unknown}
 g - 6 scrolls of remove curse {unknown}
 l - 6 scrolls of teleportation {unknown}
 m - 2 scrolls of fog {unknown}
 o - 2 scrolls of enchant armour {unknown}
 p - 6 scrolls of identify {unknown}
 r - 2 scrolls of fear {unknown}
 s - 2 scrolls of amnesia {unknown}
 y - a scroll of blinking {unknown}
 A - a scroll of random uselessness {unknown}
 F - a scroll of recharging {unknown}
Potions
 d - 2 potions of might
 h - 2 potions of flight
 i - a potion of curing
 j - a potion of agility {unknown}
 q - 2 potions of haste
 v - 2 potions of mutation {unknown}
 w - a potion of heal wounds {unknown}
 x - a potion of berserk rage {unknown}
 B - a potion of degeneration {unknown}
 D - a potion of brilliance
Books
 G - a book of Minor Magic
   (You found it on level 6 of the Dungeon)
Comestibles
 f - 3 bread rations {@e1@e1}
 t - a meat ration {@e2@e2}
 z - 4 royal jellies


   Skills:
 + Level 4.6 Fighting
 * Level 10.4 Axes
 + Level 4.4 Armour
 + Level 1.6 Dodging
 + Level 4.7 Shields


You had 7 spell levels left.
You didn't know any spells.

Dungeon Overview and Level Annotations

Branches:
Dungeon (6/15)             Temple (0/1) D:6

Altars:
Cheibriados
Fedhas

Annotations:
D:6 Menkaure


Innate Abilities, Weirdness & Mutations

You reflexively headbutt those who attack you in melee.
You have a pair of horns on your head.


Message History

You barely miss the worker ant. Your headbutt misses the worker ant.
The worker ant bites you but does no damage.
You block the worker ant's attack.
You closely miss the worker ant. Your headbutt misses the worker ant.
The worker ant barely misses you. You furiously retaliate!
You headbutt the worker ant!
You hit the worker ant but do no damage.
The worker ant barely misses you.
Your shield and scale mail prevent you from hitting the worker ant.
Your headbutt misses the worker ant. The worker ant bites you.
You are poisoned.
The worker ant poisons you!
You take 1 damage, and have 36/67 hp.
You closely miss the worker ant.
You feel sick. The worker ant barely misses you.
The worker ant bites you but does no damage.
You take 1 damage, and have 35/67 hp.
Unknown command.
You hit the worker ant. The worker ant bites you.
You take 3 damage, and have 32/67 hp.
You hit the worker ant.
You kill the worker ant!
You feel sick.
A hound comes into view.
The hound barks!
You see here a worker ant corpse.
You butcher the worker ant corpse.
You feel sick.
A bullfrog comes into view.
You see here 3 chunks of flesh {@w0@w0}.
You take 1 damage, and have 31/67 hp.
Eat one of 3 chunks of flesh {@w0@w0}? (ye/n/q)
You eat one of the 3 chunks of flesh {@w0@w0}.
The bullfrog croaks.
The bullfrog moves out of view.
Menkaure, Prince of Dust comes into view.
Menkaure shouts!
You block the hound's attack.
You feel sick. You block the hound's attack.
A centaur comes into view.
The centaur shouts!
The centaur wields a shortbow.
The centaur shoots an arrow.
The arrow barely misses you. The hound barely misses you.
A worker ant comes into view.
You see here an arrow.
An iguana comes into view.
You feel sick.
The iguana hisses angrily.
The worker ant twitches its antennae in your direction.
The centaur shoots an arrow.
The arrow hits you but does no damage.
Menkaure calls on the powers of darkness!
The bullfrog convulses!
The hound convulses!
Your body is wracked with pain!
* * * LOW HITPOINT WARNING * * *
The centaur shoots an arrow.
You block the arrow.
You see here 2 arrows.
You take 15 damage, and have 16/67 hp.
MASSIVE DAMAGE!!
It was a potion of haste.
You feel yourself speed up.
The hound bites you but does no damage. x2
The iguana hisses menacingly.
It was a potion of flight.
You feel very buoyant.
You fly up into the air.
You block the hound's attack.
Menkaure casts a spell.
Menkaure seems to speed up.
It was a potion of brilliance.
You feel clever all of a sudden. The hound barely misses you.
Menkaure calls on the powers of darkness!
The hound convulses!
Your body is wracked with pain!
* * * LOW HITPOINT WARNING * * *
You take 7 damage, and have 10/67 hp.
Unknown command.
It was a potion of curing.
You feel better. You block the hound's attack.
You regained 5 hp, and now have 15/67 hp.
You hit the worker ant but do no damage.
You headbutt the worker ant, but do no damage.
You hit the hound.
Menkaure sighs in an indecipherable tongue.
The worker ant closely misses you. You furiously retaliate!
You headbutt the worker ant! The hound bites you but does no damage.
You slash the worker ant!
You kill the worker ant!
Your shield and scale mail prevent you from hitting the hound.
The centaur shoots an arrow.
The arrow hits you!
* * * LOW HITPOINT WARNING * * *
The hound bites you but does no damage.
A crimson imp comes into view.
The crimson imp shouts!
You take 11 damage, and have 4/67 hp.
Unknown command.
The centaur unwields an uncursed shortbow.
You block the centaur's attack.
You see here a worker ant corpse.
Unknown command.
You hit the centaur but do no damage. You closely miss the hound.
The centaur hits you!
You die...

#.. #.. ## # #... ..# #
... ...# ## ?$#
...##.##.# #. #l#
#...##.##.# ##.
#.#c#.#..##.##.# #..
#.>@#......##.# ##.#
#.#.#h#......#.# #..#
#.#.#(......#.# #.##
..#.#.M.###..#.###.#
.?.5................#
#...##.##.#.............
#.. #. #.........#..##<
... # #..#%#.#..#..# .
..................


You could see Menkaure, a centaur, an iguana and a hound.

Vanquished Creatures
  The ghost of Gorglomux the Covered, an amateur MiFi of Trog (D:3)
  2 ogres
  A centaur (D:6)
  A bullfrog (D:6)
  A scorpion (D:5)
  A howler monkey (D:5)
  A centaur zombie (D:5)
  A hound (D:5)
  A centaur skeleton (D:4)
  A bullfrog skeleton (D:6)
  A jelly (D:5)
  4 iguanas
  5 worker ants
  11 adders
  2 river rats (D:3)
  2 shadow imps (D:6)
  An ooze (D:2)
  6 worms
  2 dart slugs
  4 leopard geckos
  An orc (D:5)
  2 ball pythons
  6 giant cockroaches
  7 hobgoblins
  8 jackals
  9 kobolds
  4 quokkas
  2 bats
  7 frilled lizards
  A giant cockroach zombie (D:5)
  10 goblins
  A quokka zombie (D:5)
  10 rats
117 creatures vanquished.

Notes
Turn   | Place    | Note
-------+----------+-------------------------------------------
     0 | D:1      | Gorglomux the Minotaur Fighter began the quest for the Orb.
     0 | D:1      | Reached XP level 1. HP: 19/19 MP: 0/0
   161 | D:1      | Reached skill level 3 in Axes
   170 | D:1      | Reached XP level 2. HP: 25/26 MP: 1/1
   353 | D:1      | Reached skill level 4 in Axes
   751 | D:2      | Reached XP level 3. HP: 29/31 MP: 2/2
   790 | D:2      | Reached skill level 5 in Axes
   914 | D:2      | Reached XP level 4. HP: 30/39 MP: 3/3
  1407 | D:3      | Noticed Gorglomux's ghost (amateur MiFi)
  1424 | D:3      | HP: 2/39 [Gorglomux's ghost (8)]
  1706 | D:3      | Killed Gorglomux's ghost
  1706 | D:3      | Reached skill level 7 in Axes
  1706 | D:3      | Reached XP level 5. HP: 19/45 MP: 4/4
  1939 | D:3      | Reached XP level 6. HP: 51/51 MP: 5/5
  2058 | D:3      | Reached skill level 8 in Axes
  2660 | D:5      | Entered Level 5 of the Dungeon
  2698 | D:5      | Reached skill level 9 in Axes
  2698 | D:5      | Reached XP level 7. HP: 43/57 MP: 6/6
  2735 | D:5      | Found a snail-covered altar of Cheibriados.
  2747 | D:5      | Got a jewelled leather armour
  2946 | D:5      | Reached skill level 4 in Shields
  3108 | D:5      | Found a blossoming altar of Fedhas.
  3285 | D:6      | Reached skill level 4 in Fighting
  3285 | D:6      | Reached skill level 10 in Axes
  3285 | D:6      | Reached skill level 1 in Dodging
  3322 | D:6      | Reached skill level 4 in Armour
  3402 | D:6      | Reached XP level 8. HP: 40/67 MP: 7/7
  3456 | D:6      | Found a staircase to the Ecumenical Temple.
  3469 | D:6      | Noticed Menkaure
  3474 | D:6      | HP: 16/67 [??? (14)]
  3480 | D:6      | HP: 4/67 [centaur/arrow (11)]
  3482 | D:6      | Slain by a centaur

Vault maps used:
D:1:      shiori_shiawase, minmay_misc_feat_x
D:3:      first_bread, lightli_sewer_entry_pipes
D:5:      basic_altar, fedhas_altar_3
D:6:      kennysheep_mini, minmay_temple_entry_grid, minivault_1, uniq_menkaure

Skill      XL: |  1  2  3  4  5  6  7 |
---------------+----------------------+-----
Axes           | 3 4 5 7 9 10 | 10.4
Shields        | 4 |  4.7
Fighting       | 4 |  4.6
Dodging        | 1 |  1.6
Armour         | 4 |  4.4

Action                   |  1- 3 |  4- 6 |  7- 9 || total
-------------------------+-------+-------+-------++-------
Melee: War axe           |    87 |   172 |    94 ||   353
       Headbutt          |    10 |    21 |    17 ||    48
  Use: Potion            |       |       |     4 ||     4
  Eat: Chunk             |       |     3 |     4 ||     7
       Royal jelly       |       |     1 |       ||     1
Armor: Scale mail        |    38 |    58 |    36 ||   132
Dodge: Dodged            |    32 |    40 |    28 ||   100
Block: Shield            |    47 |    87 |    38 ||   172

Vault maps used:
D:1:      shiori_shiawase, minmay_misc_feat_x
D:3:      first_bread, lightli_sewer_entry_pipes
D:5:      basic_altar, fedhas_altar_3
D:6:      kennysheep_mini, minmay_temple_entry_grid, minivault_1, uniq_menkaure

Table legend:
 A = Turns spent in this place as a percentage of turns spent in the entire game.
 B = Non-inter-level travel turns spent in this place as a percentage of non-inter-level travel turns spent in the entire game.
 C = Inter-level travel turns spent in this place as a percentage of turns spent in this place.
 D = Turns resting spent in this place as a percentage of non-inter-level travel turns spent in this place.
 E = Turns spent auto-exploring this place as a percentage of non-inter-level travel turns spent in this place.
 F = Non-inter-level travel turns spent in this place divided by the number of levels of this place that you've seen.
                   A       B       C       D       E      F
               +-------+-------+-------+-------+-------+----------------------
         Total | 100.0 | 100.0 |   0.3 |   0.4 |   9.4 | 404.8
       Dungeon | 100.0 | 100.0 |   0.3 |   0.4 |   9.4 | 404.8
               +-------+-------+-------+-------+-------+----------------------

Table legend:
 A = Kills in this place as a percentage of kills in entire the game.
 B = Kills by you in this place as a percentage of kills by you in the entire game.
 C = Kills by friends in this place as a percentage of kills by friends in the entire game.
 D = Other kills in this place as a percentage of other kills in the entire game.
 E = Experience gained in this place as a percentage of experience gained in the entire game.
 F = Experience gained in this place divided by the number of levels of this place that you have seen.
                   A       B       C       D       E      F
               +-------+-------+-------+-------+-------+----------------------
         Total | 100.0 | 100.0 |  -nan |  -nan | 100.0 | 274.0
       Dungeon | 100.0 | 100.0 |  -nan |  -nan | 100.0 | 274.0
               +-------+-------+-------+-------+-------+----------------------
